 Dungeon Crawl Stone Soup version 0.22-a0-458-gb446440d2e (webtiles) character file.

154 HANFGEIST the Insei (level 5, 0/33 HPs)
             Began as an Octopode Transmuter on June 8, 2018.
             Slain by Robin
             ... wielding a +0 spear
              (6 damage)
             ... on level 2 of the Dungeon.
             The game lasted 00:03:45 (1948 turns).

HANFGEIST the Insei (Octopode Transmuter)           Turns: 1948, Time: 00:03:45

Health: 0/33       AC:  2    Str:  9    XL:     5   Next: 36%
Magic:  3/9        EV: 20    Int: 16    God:
Gold:   133        SH:  0    Dex: 18    Spells: 3/9 levels left

rFire    + . .     SeeInvis .     - Unarmed
rCold    x . .     Gourm    +   (shield currently unavailable)
rNeg     . . .     Faith    .   (helmet currently unavailable)
rPois    x         Spirit   .   h - amulet of the gourmand
rElec    .         Reflect  .   k - ring of fire
rCorr    .         Harm     .   (no ring)
MR       .....                  (no ring)
Stlth    ++........             (no ring)
HPRegen  0.11/turn              (no ring)
MPRegen  0.11/turn              (no ring)
                                (no ring)
                                (no ring)

@: spider-form (expiring), very slightly contaminated
A: tiny, almost no armour, stealthy swim, (amphibious), 8 rings, (constrict 8)
a: End Transformation


You were on level 2 of the Dungeon.
You were very full.
You were a venomous arachnid creature.
You visited 1 branch of the dungeon, and saw 2 of its levels.

You collected 133 gold pieces.

Inventory:

Missiles
 a - 32 arrows
Armour
 q - a +2 buckler
Jewellery
 h - an amulet of the gourmand (around neck)
 k - a ring of fire (left front leg)
Wands
 r - a wand of random effects (32)
Scrolls
 b - a scroll of teleportation {unknown}
 e - a scroll of amnesia {unknown}
 f - 3 scrolls of remove curse {unknown}
 g - 4 scrolls of identify {unknown}
 l - a scroll of random uselessness {unknown}
 m - a scroll of noise {unknown}
 n - a scroll of enchant armour {unknown}
Potions
 d - a potion of degeneration {unknown}
 i - a potion of flight {unknown}
 j - a potion of magic {unknown}
 o - 2 potions of invisibility {unknown}
 p - a potion of heal wounds {unknown}
 s - a potion of brilliance {unknown}
Comestibles
 c - 5 rations
 t - a chunk of flesh


   Skills:
 + Level 1.1 Fighting
 * Level 2.4 Dodging
 + Level 1.1 Stealth
 + Level 4.1 Unarmed Combat
 + Level 2.8 Spellcasting
 * Level 3.2 Transmutations
 + Level 1.0 Poison Magic


You had 3 spell levels left.
You knew the following spells:

 Your Spells              Type           Power        Failure   Level  Hunger
a - Beastly Appendage     Tmut           ##....       16%         1    #......
b - Sticks to Snakes      Tmut           ##......     21%         2    ##.....
c - Spider Form           Tmut/Pois      #.........   45%         3    ###....

Your spell library contained the following spells:

 Spells                   Type           Power        Failure   Level  Hunger
 Blade Hands              Tmut           ##........   93%         5    ######.
 Ice Form                 Ice/Tmut       #.......     86%         4    #####..


Dungeon Overview and Level Annotations

Branches:
Dungeon (2/15)

Altars:

Annotations:
D:2 Robin


Innate Abilities, Weirdness & Mutations

You cannot wear most types of armour.
You are very stealthy in the water. (Stealth+)
((You are amphibious.))
You can wear up to eight rings at the same time.
((You can use your tentacles to constrict eight enemies at once.))
((Your skin changes colour to match your surroundings (Stealth+).))
((Your rubbery body absorbs attacks. (AC +1, EV +1)))


Message History

You see here a stone.
Robin completely misses you.
Robin roars a battlecry!
The goblin goes into a battle-frenzy!
You completely miss Robin. Robin hits you with a spear!
Your ball python barely misses Robin.
Your ball python grabs Robin.
Your ball python constricts Robin.
You hit Robin but do no damage.
Robin is poisoned.
Robin is lightly wounded.
Robin hits you with a spear!
* * * LOW HITPOINT WARNING * * *
Your ball python bites Robin but does no damage.
Your ball python constricts Robin.
You are too injured to fight recklessly!
You hit Robin.
Robin looks as sick as possible!
Robin is lightly wounded.
Your transformation is almost over.
Your ball python barely misses Robin.
Your ball python constricts Robin.
The goblin hits you but does no damage. Robin hits you with a spear.
You die...

... ..#.##..........
...##................
#.#...#..............
#)..# #.........)..
#..######.#..)...(...
#..#...##.#..........
#)##<..##.#.##.#.#..)
#)(.g............###.
#.#Ssg.....#..####...
#.#........##.## #...
#.#........##..####.#
#...##..#........#..#
#...#.###..............
#####..####..###......#
##...##..# ######.#
###.##..# ###....
######.#...# #......


You could see Robin, a goblin and a friendly ball python.

Vanquished Creatures
  Natasha (twice) (D:2)
  2 adders (D:2)
  An ooze (D:2)
  A dart slug (D:1)
  2 leopard geckos
  6 bats
  A giant cockroach (D:2)
  10 goblins
  7 hobgoblins
  2 jackals (D:1)
  8 kobolds
  A ball python (D:1)
  3 frilled lizards
  4 rats
50 creatures vanquished.

Vanquished Creatures (collateral kills)
  Natasha (D:2)
  2 jackals (D:1)
  A bat (D:1)
  A goblin (D:2)
5 creatures vanquished.

Grand Total: 55 creatures vanquished

Notes
Turn   | Place    | Note
-------+----------+-------------------------------------------
     0 | D:1      | HANFGEIST the Octopode Transmuter began the quest for the Orb.
     0 | D:1      | Reached XP level 1. HP: 13/13 MP: 3/3
   283 | D:1      | Reached XP level 2. HP: 12/18 MP: 3/5
   291 | D:1      | Learned a level 2 spell: Sticks to Snakes
   765 | D:1      | Reached XP level 3. HP: 18/23 MP: 4/6
   774 | D:1      | Learned a level 3 spell: Spider Form
  1099 | D:2      | Reached XP level 4. HP: 12/28 MP: 2/7
  1391 | D:2      | Noticed Natasha
  1398 | D:2      | Killed Natasha
  1398 | D:2      | Reached skill level 1 in Stealth
  1438 | D:2      | Noticed Robin
  1839 | D:2      | Noticed Natasha
  1848 | D:2      | Killed Natasha
  1848 | D:2      | Reached skill level 1 in Poison Magic
  1848 | D:2      | Reached XP level 5. HP: 29/33 MP: 6/9
  1867 | D:2      | Noticed Natasha
  1886 | D:2      | Killed Natasha
  1886 | D:2      | Reached skill level 4 in Unarmed Combat
  1948 | D:2      | Slain by Robin

Vault maps used:
D:1:      saegor_arrival_simple_a
D:2:      lightli_temple_of_fire, first_ration, minmay_tromino_v4_b,
          uniq_natasha, uniq_robin

Skill      XL: |  1  2  3  4  5 |
---------------+----------------+-----
Stealth        | 1 |  1.1
Transmutations | 3 |  3.2
Poison Magic   | 1 |  1.0
Unarmed Combat | 4 |  4.1
Fighting       | |  1.1
Dodging        | |  2.4
Spellcasting   | |  2.8

Action                   |  1- 3 |  4- 6 || total
-------------------------+-------+-------++-------
Melee: Unarmed           |    67 |    46 ||   113
       Constrict         |    14 |     6 ||    20
       Kick              |    11 |     1 ||    12
       Tentacles         |     6 |     1 ||     7
 Cast: Beastly Appendage |    13 |     4 ||    17
       Sticks to Snakes  |     2 |     3 ||     5
       Spider Form       |     4 |     6 ||    10
 Stab: Sleeping          |     7 |     1 ||     8
  Eat: Chunk             |    18 |     3 ||    21
Armor: Skin              |    11 |     1 ||    12
Dodge: Dodged            |    52 |    37 ||    89

Table legend:
 A = Spawn XP
 B = Non-spawn XP
 C = Spawn XP percentage of total XP
 D = Spawn monster count
 E = Non-spawn monster count
 F = Spawn count percentage of total count
 G = Total turns spent on level
                    A         B        C        D         E        F      G
               +---------+---------+-------+---------+---------+-------+---------
         Total |       0 |     221 |   0.0 |       0 |      55 |   0.0 |  1948
               +---------+---------+-------+---------+---------+-------+---------
           D:1 |       0 |      43 |   0.0 |       0 |      25 |   0.0 |  1316
           D:2 |       0 |     178 |   0.0 |       0 |      30 |   0.0 |   632
               +---------+---------+-------+---------+---------+-------+---------
